 Dungeon Crawl Stone Soup version 0.21.1-1-g345015fe64 (webtiles) character file.

3257 Peloso the Carver (level 9, -11/78 HPs)
             Began as a Minotaur Fighter on Feb 11, 2018.
             Mangled by a fire elemental (12 damage)
             ... summoned by a deep elf mage
             ... on level 8 of the Dungeon.
             The game lasted 00:14:38 (5884 turns).

Peloso the Carver (Minotaur Fighter)                Turns: 5884, Time: 00:14:40

Health: -11/78     AC:  8    Str: 22    XL:     9   Next: 67%
Magic:  8/8        EV: 14    Int:  5    God:
Gold:   361        SH: 12    Dex: 12    Spells: 8/8 levels left

rFire    . . .     SeeInvis +   a - +1 long sword
rCold    . . .     Gourm    .   c - +1 shield
rNeg     + . .     Faith    .   q - +5 robe of Night {Dark MR+ SInv}
rPois    .         Spirit   .   (helmet restricted)
rElec    .         Reflect  .   (no cloak)
rCorr    .         Harm     .   (no gloves)
MR       ++...                  t - +0 pair of boots
Stlth    ++........             C - amulet of regeneration
HPRegen  0.63/turn              h - ring of protection from magic
MPRegen  0.11/turn              p - ring of positive energy

@: no status effects
A: retaliatory headbutt, horns 2
a: no special abilities


You were on level 8 of the Dungeon.
You were not hungry.

You visited 2 branches of the dungeon, and saw 9 of its levels.

You collected 361 gold pieces.

Inventory:

Hand Weapons
 a - a +1 long sword (weapon)
 d - a cursed +2 spear
 s - a +0 whip of flaming
 w - a +1 dire flail
Armour
 c - a +1 shield (worn)
 q - the +5 robe of Night (worn) {Dark MR+ SInv}
   (You found it on level 4 of the Dungeon)

   It affects your resistance to hostile enchantments.
   It lets you see invisible.
 t - a +0 pair of boots (worn)
 z - a +0 plate armour
Jewellery
 h - a ring of protection from magic (left hand)
 k - an uncursed ring of ice
 o - an uncursed amulet of rage
 p - a ring of positive energy (right hand)
 C - an amulet of regeneration (around neck)
 D - an uncursed amulet of harm {unknown}
Wands
 j - a wand of enslavement (24)
 y - a wand of digging (8)
Scrolls
 e - 2 scrolls of fear
 g - 3 scrolls of remove curse
 i - 4 scrolls of identify
 m - 3 scrolls of teleportation
 n - 2 scrolls of enchant weapon
 r - a scroll of enchant armour
Potions
 l - a potion of berserk rage
 u - 3 potions of heal wounds
 v - a potion of curing
 x - a potion of magic
 A - 2 potions of flight
Books
 b - a book of Misfortune

   Spells                             Type                      Level
   a - Confusing Touch                Hexes                        1
   b - Confuse                        Hexes                        3
   c - Gell's Gravitas                Translocation                3
   d - Petrify                        Transmutation/Earth          4
   e - Metabolic Englaciation         Hexes/Ice                    5
   f - Yara's Violent Unravelling     Hexes/Transmutation          5
Comestibles
 f - 22 rations
 B - 5 chunks of flesh


   Skills:
 + Level 6.8 Fighting
 + Level 10.5 Long Blades
 + Level 4.6 Armour
 + Level 6.4 Dodging
 + Level 1.5 Stealth
 + Level 8.5 Shields
 + Level 0.7 Evocations


You had 8 spell levels left.
You didn't know any spells.

Dungeon Overview and Level Annotations

Branches:
Dungeon (8/15)             Temple (1/1) D:5
   Lair: D:8-11

Altars:
Ashenzari
Cheibriados
Dithmenos
Elyvilon
Fedhas
Gozag
Hepliaklqana
Makhleb
Qazlal
Ru
Sif Muna
Trog
Uskayaw
Vehumet
Wu Jian
Xom
Yredelemnul
Zin
The Shining One


Innate Abilities, Weirdness & Mutations

You reflexively headbutt those who attack you in melee.
You have a pair of horns on your head.


Message History

The fire elemental hits you. The fire elemental burns you!
The fire elemental hits you. The fire elemental burns you!
* * * LOW HITPOINT WARNING * * *
You block the fire elemental's attack. You block the deep elf mage's attack.
The fire elemental hits you. The fire elemental burns you!
* * * LOW HITPOINT WARNING * * *
You hit the deep elf mage.
The deep elf mage is severely wounded.
The fire elemental closely misses you. The fire elemental hits you.
The fire elemental burns you!
* * * LOW HITPOINT WARNING * * *
The fire elemental closely misses you. You furiously retaliate!
You headbutt the fire elemental, but do no damage.
You block the deep elf mage's attack. The fire elemental misses you.
You furiously retaliate!
You headbutt the fire elemental, but do no damage.
You riposte.
You slash the fire elemental!
The fire elemental is moderately damaged.
The fire elemental hits you. The fire elemental burns you!
You die...

##...##
.....#
#....#
##..!.#
+.....+
#...#
#.E§##
#@E..#
#eE§.#
#..§.#
#...§#
#..###
###..##
#.....#
#.....#
#.....#


You could see a deep elf mage and 3 fire elementals.

Vanquished Creatures
  Pikel (D:6)
  A water moccasin (D:5)
  3 ice beasts
  A black bear (D:7)
  3 orc warriors (D:7)
  4 ogres
  5 bullfrogs
  3 killer bees (D:7)
  A scorpion (D:7)
  5 wights
  3 howler monkeys
  2 crimson imps
  2 hounds
  An orc priest (D:7)
  9 orc wizards
  A centaur skeleton (D:7)
  3 iguanas
  5 worker ants
  A hound zombie (D:7)
  4 gnolls (D:8)
  6 adders
  A shadow imp (D:5)
  3 adder zombies
  An adder skeleton (D:4)
  A worm (D:5)
  2 dart slugs (D:1)
  2 leopard geckos
  32 orcs
  4 ball pythons
  11 bats
  3 giant cockroaches
  12 goblins
  9 hobgoblins
  8 jackals
  5 quokkas
  7 frilled lizards
  6 kobolds
  2 leopard gecko skeletons (D:5)
  A quokka zombie (D:8)
  8 rats
182 creatures vanquished.

Vanquished Creatures (others)
  A hound (D:6)
  A jelly (D:7)
  A leopard gecko (D:6)
3 creatures vanquished.

Grand Total: 185 creatures vanquished

Notes
Turn   | Place    | Note
-------+----------+-------------------------------------------
     0 | D:1      | Peloso the Minotaur Fighter began the quest for the Orb.
     0 | D:1      | Reached XP level 1. HP: 19/19 MP: 0/0
    87 | D:1      | Reached XP level 2. HP: 20/27 MP: 1/1
   318 | D:1      | Reached XP level 3. HP: 33/33 MP: 2/2
   653 | D:2      | Found a shadowy altar of Dithmenos.
   738 | D:2      | Found a sacrificial altar of Ru.
   838 | D:2      | Found a blossoming altar of Fedhas.
  1126 | D:3      | Reached skill level 3 in Long Blades
  1130 | D:3      | Reached skill level 1 in Dodging
  1130 | D:3      | Reached XP level 4. HP: 35/40 MP: 3/3
  1702 | D:3      | Reached XP level 5. HP: 45/46 MP: 4/4
  2064 | D:4      | Found a sacrificial altar of Ru.
  2074 | D:4      | Reached skill level 4 in Long Blades
  2202 | D:4      | Found the +5 robe of Night {Dark MR+ SInv}
  2203 | D:4      | Reached skill level 5 in Shields
  2261 | D:4      | Found a hazy altar of Hepliaklqana.
  2280 | D:4      | Found an ornate altar of the Wu Jian Council.
  2322 | D:4      | Reached XP level 6. HP: 48/53 MP: 5/5
  2412 | D:4      | Found a bloodstained altar of Trog.
  2653 | D:5      | Entered Level 5 of the Dungeon
  2673 | D:5      | Reached skill level 5 in Long Blades
  2691 | D:5      | Found a staircase to the Ecumenical Temple.
  2713 | Temple   | Entered the Ecumenical Temple
  3283 | D:5      | Noticed a water moccasin
  3290 | D:5      | Killed a water moccasin
  3290 | D:5      | Reached skill level 6 in Long Blades
  3290 | D:5      | Reached XP level 7. HP: 53/60 MP: 6/6
  3351 | D:5      | Found a deep blue altar of Sif Muna.
  3359 | D:5      | Reached skill level 5 in Fighting
  3993 | D:6      | Reached skill level 7 in Long Blades
  3993 | D:6      | Reached skill level 1 in Stealth
  3999 | D:6      | Noticed Pikel
  4013 | D:6      | Killed Pikel
  4013 | D:6      | Reached skill level 8 in Long Blades
  4013 | D:6      | Reached XP level 8. HP: 66/70 MP: 7/7
  4193 | D:6      | Reached skill level 9 in Long Blades
  4370 | D:6      | Found a stormy altar of Qazlal.
  4537 | D:7      | Reached skill level 5 in Dodging
  4544 | D:7      | Reached XP level 9. HP: 47/75 MP: 8/8
  5049 | D:6      | Reached skill level 10 in Long Blades
  5865 | D:8      | Noticed a deep elf mage
  5884 | D:8      | HP: 1/78 [fire elemental[a deep elf mage] (12)]
  5884 | D:8      | Mangled by a fire elemental

Skill      XL: |  1  2  3  4  5  6  7  8  9 |
---------------+----------------------------+-----
Armour         | 4 |  4.6
Shields        | 4 5 6 7 8 |  8.5
Fighting       | 4 5 6 |  6.8
Long Blades    | 3 4 6 8 9 10 | 10.5
Dodging        | 1 2 3 5 6 |  6.4
Stealth        | 1 |  1.5
Evocations     | |  0.7

Action                   |  1- 3 |  4- 6 |  7- 9 || total
-------------------------+-------+-------+-------++-------
Melee: Long sword        |    90 |   226 |   277 ||   593
       Headbutt          |    17 |    35 |    55 ||   107
 Abil: Evoke Berserk Rag |       |       |     1 ||     1
  Use: Potion            |     1 |     3 |     1 ||     5
       Scroll            |       |       |    13 ||    13
  Eat: Chunk             |       |     8 |    10 ||    18
Armor: Scale mail        |    39 |       |       ||    39
       Chain mail        |    39 |    70 |       ||   109
       Robe              |       |    30 |    62 ||    92
Dodge: Dodged            |    39 |    57 |   108 ||   204
Block: Shield            |    67 |   114 |   166 ||   347
       Rpst.: Long sword |    13 |    16 |    29 ||    58
